 Dungeon Crawl Stone Soup version 0.29-a0-775-g4d7333d4e2 (webtiles) character file.

Game seed: 4327453862705227146

42 xian the Digger (level 3, 0/26 HPs)
             Began as a Demonspawn Wanderer on July 1, 2022.
             Slain by a frilled lizard (3 damage)
             ... on level 2 of the Dungeon.
             The game lasted 00:03:34 (892 turns).

xian the Digger (Demonspawn Wanderer)                Turns: 892, Time: 00:03:36

Health: 0/26       AC:  2    Str: 11    XL:     3   Next: 35%
Magic:  1/4        EV: 11    Int: 18    God:
Gold:   66         SH:  4    Dex: 10    Spells: 3/4 levels left

rFire   . . .      SeeInvis .   a - +0 club
rCold   . . .      Faith    .   (no shield)
rNeg    . . .      Spirit   .   c - +0 robe
rPois   .          Reflect  .   (no helmet)
rElec   .          Harm     .   (no cloak)
rCorr   .          Rampage  .   (no gloves)
Will    .....                   (no boots)
Stlth   ++........              (no amulet)
HPRegen 0.08/turn               (no ring)
MPRegen 0.09/turn               (no ring)

@: no status effects
A: condensation shield
a: no special abilities


You were on level 2 of the Dungeon.
You visited 1 branch of the dungeon, and saw 2 of its levels.

You collected 66 gold pieces.

Inventory:

Hand Weapons
 a - a +0 club (weapon)
Armour
 c - a +0 robe (worn)
 j - a +0 helmet
Scrolls
 b - a scroll of fog
 d - a scroll of teleportation
Potions
 e - a potion of cancellation {unknown}
 f - 2 potions of curing {unknown}
 g - a potion of haste {unknown}
 h - a potion of heal wounds {unknown}
 i - a potion of invisibility {unknown}


   Skills:
 + Level 1.0 Fighting
 + Level 0.7 Dodging
 + Level 1.5 Stealth
 + Level 1.1 Spellcasting
 + Level 4.4 Earth Magic
 + Level 2.0 Poison Magic
 + Level 1.0 Evocations


You had 3 spell levels left.
You knew the following spells:

 Your Spells              Type           Power      Damage    Failure   Level
a - Sandblast             Erth           32%        2d9       3%          1

Your spell library contained the following spells:

 Spells                   Type           Power      Damage    Failure   Level
 Sting                    Tmut/Pois      16%        1d3       13%         1
 Ignite Poison            Fire/Tmut/Pois 3%         N/A       41%         3
 Animate Armour           Summ/Erth      16%        N/A       63%         4
 Petrify                  Tmut/Erth      8%         N/A       63%         4


Dungeon Overview and Level Annotations

Branches:
Dungeon (2/15)

Altars:


Innate Abilities, Weirdness & Mutations

A meltable shield of frost defends you. (SH +4)


Message History

The frilled lizard misses you. The bat closely misses you.
The frilled lizard bites you but does no damage.
You closely miss the bat. The bat misses you. You block the bat's attack.
The frilled lizard misses you.
You completely miss the bat. The bat misses you.
The bat hits you but does no damage.
An adder comes into view.
The frilled lizard bites you.
You closely miss the bat. The bat hits you but does no damage.
The frilled lizard barely misses you. The frilled lizard closely misses you.
Aiming: Sandblast (safe; 3% risk of failure)
Press: ? - help, Q - select action Shift-Dir - straight line, f/p - bat
Aim: a bat (69% to hit)
The blast of sand hits the bat.
The bat is heavily wounded.
The adder hisses angrily.
The bat hits you but does no damage. The frilled lizard barely misses you.
The bat misses you. The frilled lizard bites you.
* * * LOW HITPOINT WARNING * * *
Aiming: Sandblast (safe; 3% risk of failure)
Press: ? - help, Q - select action Shift-Dir - straight line, f - adder, p - bat
Aim: an adder (66% to hit)
The blast of sand misses the adder.
The bat closely misses you. You block the bat's attack. The adder bites you.
* * * LOW HITPOINT WARNING * * *
The frilled lizard bites you but does no damage.
You block the adder's attack. The frilled lizard closely misses you.
Aiming: Sandblast (safe; 3% risk of failure)
Press: ? - help, Q - select action Shift-Dir - straight line, f/p - adder
Aim: an adder (66% to hit)
The blast of sand hits the adder!
The adder is almost dead.
The bat hits you.
* * * LOW HITPOINT WARNING * * *
The adder closely misses you. The bat barely misses you.
The frilled lizard misses you. The adder bites you.
* * * LOW HITPOINT WARNING * * *
The frilled lizard bites you.
You die...

.......(.................
##....................... .
##...(........#...#.##....
##......#..#.....#.#$....
#.....##................
##..#...........##......
#####....##........#.......
....#...###.....S....#.....
.......####..>..@†...?.....
...............b.l.##..##..
....#.##......(.......... .
#....... #......#........
...##.####........######.
##.# .# #.....#..# ##.# #
#..!..#..? .... ######....
#.. ....


You could see an adder, a bat and a frilled lizard.

Vanquished Creatures
  3 adders (D:2)
  3 endoplasms (D:1)
  A giant cockroach (D:1)
  A goblin (D:1)
  2 hobgoblins
  A bat (D:2)
  A frilled lizard (D:1)
  3 kobolds
  3 rats
18 creatures vanquished.

Notes
Turn   | Place    | Note
-------+----------+-------------------------------------------
     0 | D:1      | xian the Demonspawn Wanderer began the quest for the Orb.
     0 | D:1      | xian set off with the following items: a +0 club, a scroll
                  | of fog, a +0 robe, a scroll of teleportation; and the
                  | following spells available to memorise: Sandblast, Sting,
                  | Ignite Poison, Animate Armour, Petrify.
     0 | D:1      | Reached XP level 1. HP: 15/15 MP: 2/2
     2 | D:1      | Learned a level 1 spell: Sandblast
   265 | D:1      | Found a faded altar of an unknown god.
   429 | D:1      | Reached skill level 4 in Earth Magic
   429 | D:1      | Gained mutation: A meltable shield of frost defends you.
                  | (SH +4) [demonic ancestry]
   429 | D:1      | Reached XP level 2. HP: 21/21 MP: 0/3
   560 | D:1      | You fall into a shaft and drop 1 floor!
   740 | D:2      | Reached XP level 3. HP: 20/26 MP: 1/4
   892 | D:2      | Slain by a frilled lizard

Illustrated notes

Levels and vault maps discovered:
D:1:      dpeg_arrival_shrine, layout_loops_cross, serial_shops, shop_fountains,
          shapermc_ecumenical_altar_pompeii
D:2:      layout_rooms

Skill      XL: |  1 |
---------------+----+-----
Earth Magic    | 4 |  4.4
Fighting       | |  1.0
Dodging        | |  0.7
Stealth        | |  1.5
Spellcasting   | |  1.1
Poison Magic   | |  2.0
Evocations     | |  1.0

Action                   || total
-------------------------++-------
Melee: Club              ||    66
       Punch             ||     1
 Cast: Sandblast         ||    14
 Stab: Sleeping          ||     2
Armor: Robe              ||    31
Dodge: Dodged            ||    74
Block: Other             ||    16

Table legend: (Time is in decaauts)
 A = Elapsed time spent in this place.
 B = Non-inter-level travel time spent in this place.
 C = Inter-level travel time spent in this place.
 D = Time resting spent in this place.
 E = Time spent auto-exploring this place.
 F = Levels seen in this place.
 G = Mean time per level.
                   A        B        C        D        E       F      G
               +--------+--------+--------+--------+--------+-----+--------+
         Total |    926 |    926 |      0 |      0 |    695 |   2 |  463.0 |
       Dungeon |    926 |    926 |      0 |      0 |    695 |   2 |  463.0 |
               +--------+--------+--------+--------+--------+-----+--------+

Top non-repeatable levels by time:
     D:1: 572 daAuts
     D:2: 353 daAuts
